 Dungeon Crawl Stone Soup version 0.21-a0-621-gc60411f (webtiles) character file.

94 Amnesiac the Insei (level 4, 0/30 HPs)
             Began as an Octopode Transmuter on Dec 23, 2017.
             Slain by a bullfrog (1 damage)
             ... on level 2 of the Dungeon.
             The game lasted 00:02:08 (1456 turns).

Amnesiac the Insei (Octopode Transmuter)            Turns: 1456, Time: 00:02:09

Health: 0/30       AC:  1    Str:  9    XL:     4   Next: 63%
Magic:  7/7        EV: 13    Int: 15    God:
Gold:   139        SH:  0    Dex: 13    Spells: 1/7 levels left

rFire    . . .     SeeInvis .   h - +0 dagger (venom)
rCold    . . .     Gourm    .   (no shield)
rNeg     . . .     Faith    .   (helmet restricted)
rPois    .         Spirit   .   (no amulet)
rElec    .         Reflect  .   (no ring)
rCorr    .         Harm     .   (no ring)
MR       .....                  (no ring)
Stlth    ++........             (no ring)
HPRegen  0.10/turn              (no ring)
MPRegen  0.10/turn              (no ring)
                                (no ring)
                                (no ring)

@: no status effects
A: almost no armour, stealthy swim, amphibious, 8 rings, constrict 8, camouflage
1, gelatinous body 1
a: no special abilities


You were on level 2 of the Dungeon.
You were not hungry.

You visited 1 branch of the dungeon, and saw 2 of its levels.

You collected 139 gold pieces.

Inventory:

Hand Weapons
 h - a +0 dagger of venom (weapon)
Missiles
 a - 12 arrows
Jewellery
 j - an uncursed amulet of magic regeneration {unknown}
Scrolls
 d - a scroll of magic mapping {!r, unknown}
 e - 2 scrolls of remove curse {!r, unknown}
 g - 4 scrolls of identify {!r, unknown}
 m - a scroll of noise {!r, unknown}
 n - a scroll of enchant weapon {!r, unknown}
 o - 2 scrolls of fog {!r, unknown}
Potions
 i - a potion of curing {!q, unknown}
 k - a potion of haste {!q, unknown}
 l - a potion of degeneration {!q, unknown}
Books
 b - a book of Changes

   Spells                             Type                      Level
   a - Beastly Appendage              Transmutation                1
   b - Sticks to Snakes               Transmutation                2
   c - Spider Form                    Transmutation/Poison         3
   d - Ice Form                       Ice/Transmutation            4
   e - Blade Hands                    Transmutation                5
Comestibles
 c - 5 rations
 f - 2 chunks of flesh


   Skills:
 + Level 2.3 Fighting
 + Level 2.3 Dodging
 * Level 3.3 Unarmed Combat
 + Level 2.2 Spellcasting
 * Level 3.3 Transmutations


You had one spell level left.
You knew the following spells:

 Your Spells              Type           Power        Failure   Level  Hunger
a - Beastly Appendage     Tmut           ##....       5%          1    #......
b - Sticks to Snakes      Tmut           ##......     9%          2    ###....
c - Spider Form           Tmut/Pois      #.........   32%         3    ###....


Dungeon Overview and Level Annotations

Branches:
Dungeon (2/15)

Altars:
Kikubaaqudgha
Qazlal

Annotations:
D:2 1 transporter


Innate Abilities, Weirdness & Mutations

You cannot wear most types of armour.
You are very stealthy in the water. (Stealth+)
You are amphibious.
You can wear up to eight rings at the same time.
You can use your tentacles to constrict eight enemies at once.
Your skin changes colour to match your surroundings (Stealth+).
Your rubbery body absorbs attacks. (AC +1, EV +1)


Message History

You constrict the worm. The worm misses you.
You hit the worm.
The worm looks as sick as possible!
You squeeze the worm.
You kill the worm!
No target in view!
No target in view!
You butcher the worm corpse.
f - 3 chunks of flesh Eating one of 3 chunks of flesh.
You eat one of the 3 chunks of flesh.
This raw flesh tastes terrible.
Partly explored, unvisited transporter.
No target in view!
Partly explored, unvisited transporter.
No target in view!
Partly explored, unvisited transporter.
No target in view!
Partly explored, unvisited transporter.
There is a stone staircase leading down here.
There is a stone staircase leading up here.
You see here 16 stones.
The kobold shouts!
There is a transporter here.
You enter the transporter and appear at another place.
The giant cockroach bites you but does no damage.
The giant cockroach bites you.
The frilled lizard hisses angrily.
The bullfrog croaks.
You hit the kobold.
The kobold is poisoned.
The kobold is moderately wounded.
The quokka zombie bites you. The kobold barely misses you.
You barely miss the kobold.
The kobold is severely wounded.
The kobold hits you with a dagger. The quokka zombie bites you.
You hit the quokka zombie. You grab the quokka zombie.
The quokka zombie is heavily damaged.
You constrict the quokka zombie.
You kill the kobold!
The quokka zombie closely misses you.
You hit the quokka zombie. You squeeze the quokka zombie.
You destroy the quokka zombie!
The giant cockroach misses you.
The giant cockroach waves its antennae.
The giant cockroach barely misses you.
You hit the giant cockroach but do no damage.
The giant cockroach is poisoned.
You grab the giant cockroach. You constrict the giant cockroach.
You kill the giant cockroach!
You hit the frilled lizard.
You kill the frilled lizard!
The bullfrog hits you.
* * * LOW HITPOINT WARNING * * *
The bullfrog barely misses you.
You hit the bullfrog.
The bullfrog is poisoned.
You grab the bullfrog.
The bullfrog is lightly wounded.
You constrict the bullfrog. The bullfrog hits you!
* * * LOW HITPOINT WARNING * * *
You completely miss the bullfrog.
The bullfrog is lightly wounded.
You constrict the bullfrog. The bullfrog hits you!
* * * LOW HITPOINT WARNING * * *
The bullfrog barely misses you.
Okay, then.
You hit the bullfrog but do no damage.
The bullfrog looks as sick as possible!
The bullfrog is moderately wounded.
You constrict the bullfrog. The bullfrog hits you.
You die...

#.......###.##8$._.$8##.....#
##.....## #.#..(?$$[..#..##.#
##...## #.#.........#..##.#
##..# #.#.........#...#.#
#..# #.#©........#.#.#.# #.##
#.#.........#...#.# #.#
#.#....©....#.#...# #.#
#.#..F).....#.##.## #.#
#.##8@....8##.#.## #.#
#..#########...##
#.#######.....©......##
#.#.......###...###.##
#.#.#####.# #..## #.#
#......##.###.#####.#
###.##..............#
#.#####.########### #.#####.#


You could see a bullfrog.

Vanquished Creatures
  4 adders (D:2)
  A worm (D:2)
  2 dart slugs (D:1)
  7 giant cockroaches
  10 goblins
  6 hobgoblins
  3 jackals (D:1)
  4 kobolds
  A quokka (D:2)
  A bat (D:1)
  2 frilled lizards
  A quokka zombie (D:2)
  5 rats
47 creatures vanquished.

Notes
Turn   | Place    | Note
-------+----------+-------------------------------------------
     0 | D:1      | Amnesiac the Octopode Transmuter began the quest for the Orb.
     0 | D:1      | Reached XP level 1. HP: 13/13 MP: 3/3
   184 | D:1      | Reached XP level 2. HP: 15/18 MP: 5/5
   586 | D:1      | Reached XP level 3. HP: 21/24 MP: 6/6
   595 | D:1      | Learned a level 2 spell: Sticks to Snakes
   599 | D:1      | Learned a level 3 spell: Spider Form
   930 | D:2      | Reached XP level 4. HP: 23/29 MP: 7/7
   968 | D:2      | Found an ancient bone altar of Kikubaaqudgha.
   968 | D:2      | Noticed a bullfrog
   998 | D:2      | Found a transporter.
  1045 | D:2      | Found a transporter.
  1125 | D:2      | Noticed an air elemental
  1126 | D:2      | Found a stormy altar of Qazlal.
  1217 | D:2      | Noticed a fire elemental
  1217 | D:2      | Noticed an earth elemental
  1217 | D:2      | Noticed a water elemental
  1455 | D:2      | HP: 1/30 [bullfrog (7)]
  1456 | D:2      | Slain by a bullfrog

Vault maps used:
D:1:      dpeg_cavernosity
D:2:      gammafunk_temple_overflow_arena, nicolae_qazlal_style_of_elements

Skill      XL: |  1  2  3 |
---------------+----------+-----
Fighting       | 2 |  2.3
Transmutations | 3 |  3.3
Dodging        | |  2.3
Unarmed Combat | |  3.3
Spellcasting   | |  2.2

Action                   |  1- 3 |  4- 6 || total
-------------------------+-------+-------++-------
Melee: Unarmed           |    13 |       ||    13
       Constrict         |    27 |    10 ||    37
       Dagger            |    57 |    29 ||    86
       Tentacles         |    13 |     8 ||    21
       Punch             |     3 |     1 ||     4
 Stab: Sleeping          |     6 |     4 ||    10
  Eat: Chunk             |       |     2 ||     2
Armor: Skin              |     5 |     1 ||     6
Dodge: Dodged            |    42 |    18 ||    60

Table legend:
 A = Spawn XP
 B = Non-spawn XP
 C = Spawn XP percentage of total XP
 D = Spawn monster count
 E = Non-spawn monster count
 F = Spawn count percentage of total count
 G = Total turns spent on level
                    A         B        C        D         E        F      G
               +---------+---------+-------+---------+---------+-------+---------
         Total |       0 |     135 |   0.0 |       0 |      47 |   0.0 |  1456
               +---------+---------+-------+---------+---------+-------+---------
           D:1 |       0 |      57 |   0.0 |       0 |      30 |   0.0 |   837
           D:2 |       0 |      78 |   0.0 |       0 |      17 |   0.0 |   619
               +---------+---------+-------+---------+---------+-------+---------
